 Dungeon Crawl Stone Soup version 0.31-a0-1616-gbeaec30b81 (webtiles) character file.

Game seed: 8760755956453206273

2247 Ge0ff the Mimic (level 9, -3/71 HPs)
             Began as a Merfolk Shapeshifter on Jan 10, 2024.
             Was an Initiate of Elyvilon.
             Slain by a boulder beetle (13 damage)
             ... on level 7 of the Dungeon.
             The game lasted 00:10:21 (7142 turns).

Ge0ff the Mimic (Merfolk Shapeshifter)              Turns: 7142, Time: 00:10:22

Health: -3/71      AC:  2    Str: 24    XL:     9   Next: 37%
Magic:  9/9        EV: 17    Int:  9    God:    Elyvilon [......]
Gold:   390        SH:  0    Dex: 14    Spells: 8/8 levels left

rFire   . .          .
                       - Unarmed
rCold   . . .        (shield currently unavailable)
rNeg    . . .        S - melded +0 chain mail
rPois   .            J - +0 helmet
rElec   .            (no cloak)
rCorr   .            (no gloves)
SInv    .            E - +0 pair of boots
Will    .....        (no amulet)
Stlth   +            P - +6 ring of strength
HPRegen 0.31/turn    (no ring)
MPRegen 0.11/turn

%: no passive effects
@: flux-form, glowing
A: glow, contaminating, (nimble swimmer 2), mertail
a: Begin Untransformation, Renounce Religion


You were on level 7 of the Dungeon.
You worshipped Elyvilon.
Elyvilon was noncommittal.
You were something dangerously unstable.
You visited 2 branches of the dungeon, and saw 8 of its levels.

You collected 390 gold pieces.

Inventory:

Missiles
 D - 2 poisoned darts
 K - 3 boomerangs
 N - 36 stones (quivered)
Armour
 E - a +0 pair of boots (worn)
 J - a +0 helmet (worn)
 S - a +0 chain mail (melded)
 U - a +1 leather armour of cold resistance
Jewellery
 P - a +6 ring of strength (left hand)
Talismans
 c - a beast talisman
 d - a flux talisman (active)
 y - a blade talisman
 G - the maw talisman "Sinesul" {rPois rCorr Stlth+}
   (You found it on level 5 of the Dungeon)

   [maw talisman]

   rPois:     It protects you from poison rCorr: It protects you from acid and
   corrosion.
   Stlth+:    It makes you more stealthy.
Scrolls
 C - a scroll of poison
 F - 2 scrolls of fog
 O - 2 scrolls of enchant armour
 R - 2 scrolls of enchant weapon
 T - 3 scrolls of teleportation
 V - 2 scrolls of vulnerability
Potions
 A - 2 potions of degeneration {unknown}
 B - a potion of brilliance {unknown}
 H - 3 potions of haste {!q}
 I - a potion of invisibility
 L - a potion of lignification
 M - a potion of heal wounds {unknown}
 Q - a potion of magic {unknown}
 W - a potion of experience {unknown}
 X - 4 potions of curing {unknown}
 Y - 2 potions of mutation {unknown}
 Z - a potion of might {unknown}


   Skills:
 + Level 6.9 Fighting
 - Level 3.0 Dodging
 - Level 2.0 Stealth
 - Level 9.0 Unarmed Combat
 + Level 9.1 Shapeshifting


You had 8 spell levels left.
You didn't know any spells.
Your spell library contained the following spells:

 Spells                   Type           Power      Damage    Failure   Level
 Sandblast                Erth           0%         2d4       38%         1
 Static Discharge         Conj/Air       0%         3-3/arc   52%         2
 Inner Flame              Hex/Fire       0%         N/A       77%         3
 Passwall                 Erth           0%         N/A       77%         3
 Stone Arrow              Conj/Erth      0%         3d7       77%         3
 Airstrike                Air            0%         2d(0-16)  99%         4
 Brom's Barrelling Bould  Conj/Erth      0%         2d3       99%         4
 Summon Lightning Spire   Summ/Air       0%         N/A       99%         4
 Irradiate                Conj/Alch      0%         3d11      100%        5
 Ignition                 Fire           0%         3d3       100%        8


Dungeon Overview and Level Annotations

Branches:
Dungeon (7/15) Zot: 26932  Temple (1/1) D:4 Zot: 5988

Altars:
Cheibriados
Dithmenos
Elyvilon
Hepliaklqana
Kikubaaqudgha
Makhleb
Qazlal
Sif Muna
Zin
The Shining One

Shops:
D:4 (


Innate Abilities, Weirdness & Mutations

You are something dangerously unstable.
You glow with magical radiation, making you easy to see and hit.
Foes you strike become dangerously contaminated with magical radiation.
You are incapable of wielding weapons or throwing items.
((You are very nimble when in or above water. (Stealth+, EV+, Speed+++)))
Your lower body shifts to a powerful aquatic tail in water.


Message History

The puff of frost misses you.
You hit the orc.
The orc begins to glow.
The orc is lightly wounded.
You hear the slow hiss of a distant avalanche of sand.
You punch the orc!
You kill the orc!
You barely miss the white imp. The white imp closely misses you.
You hit the white imp.
The white imp begins to glow.
The white imp is moderately wounded.
The white imp gestures at you. The puff of frost hits you.
You hit the white imp.
The white imp glows dangerously bright.
The white imp is heavily wounded.
The white imp misses you.
You punch the white imp!
You kill the white imp!
A boulder beetle comes into view.
Things that are here:
a +0 club; a +0 scale mail The boulder beetle curls into a ball and begins rolling!
The boulder beetle completely misses you.
The boulder beetle stops rolling and uncurls.
You hit the boulder beetle.
The boulder beetle begins to glow.
The boulder beetle is lightly wounded.
The boulder beetle bites you!
You punch the boulder beetle!
The boulder beetle glows dangerously bright.
The boulder beetle is lightly wounded.
The boulder beetle bites you!!
You hit the boulder beetle but do no damage.
The boulder beetle shudders as magic cascades through it!!
The boulder beetle twists and deforms.
The boulder beetle is heavily wounded.
You hit the boulder beetle.
The boulder beetle begins to glow.
The boulder beetle is heavily wounded.
The boulder beetle bites you!
* * * LOW HITPOINT WARNING * * *
You punch the boulder beetle!
The boulder beetle glows dangerously bright.
The boulder beetle is severely wounded.
The boulder beetle barely misses you.
You hit the boulder beetle.
The boulder beetle shudders as magic cascades through it!
The boulder beetle twists and deforms.
The boulder beetle is almost dead.
The boulder beetle bites you but does no damage.
You hit the boulder beetle.
The boulder beetle begins to glow.
The boulder beetle is almost dead.
The boulder beetle bites you!
You die...

#.# #.#♣♣♣♣
#..... #...♣♣♣..
#...B...# #.#.#)#
#.#.#.#.#
#.#.#.#B#
#.#.#.#p#
#.#.#.#.#
#.#.#.#.#
#.#...#.#########
#.....#..........
#................
#.###.###########
#.# #.# #.# #.#


You could see a boulder beetle (contam, misshapen).

Vanquished Creatures
  The ghost of kal9871 the Insei, a novice OpSh (D:4)
  Grinder (D:3)
  Sigmund (D:3)
  The ghost of Dirol the Trooper, an amateur MiMo of Fedhas (D:3)
  Menkaure (D:4)
  Duvessa (D:4)
  An orc warrior (D:6)
  A black bear (D:5)
  An ice beast (D:6)
  A sky beast (D:4)
  2 ogres
  2 scorpions (D:6)
  Dowan (D:4)
  A howler monkey (D:5)
  2 orc priests (D:6)
  A bombardier beetle (D:4)
  2 jellies
  4 iguanas
  3 sleepcaps (D:6)
  An orc wizard (D:6)
  3 gnolls (D:5)
  6 adders
  2 white imps
  17 orcs
  6 ball pythons
  8 bats
  5 endoplasms
  2 giant cockroaches
  5 goblins
  6 hobgoblins
  14 jackals
  5 quokkas
  2 frilled lizards (D:1)
  3 kobolds
  5 rats
118 creatures vanquished.

Vanquished Creatures (others)
  A human (D:4)
1 creature vanquished.

Grand Total: 119 creatures vanquished

Notes
Turn   | Place    | Note
-------+----------+-------------------------------------------
     0 | D:1      | Ge0ff the Merfolk Shapeshifter began the quest for the Orb.
     0 | D:1      | Reached XP level 1. HP: 15/15 MP: 1/1
   128 | D:1      | Reached XP level 2. HP: 21/21 MP: 2/2
   176 | D:1      | Found a faded altar of an unknown god.
   274 | D:1      | Reached skill level 1 in Stealth
   511 | D:1      | Reached XP level 3. HP: 21/27 MP: 3/3
  1206 | D:2      | Reached XP level 4. HP: 34/34 MP: 4/4
  1659 | D:3      | Noticed Sigmund
  1669 | D:3      | Killed Sigmund
  1670 | D:3      | Reached skill level 5 in Unarmed Combat
  1670 | D:3      | Reached skill level 5 in Shapeshifting
  1670 | D:3      | Reached XP level 5. HP: 27/41 MP: 5/5
  1670 | D:3      | Reached XP level 6. HP: 31/47 MP: 6/6
  2005 | D:3      | Noticed Grinder
  2030 | D:3      | Killed Grinder
  2437 | D:3      | Reached XP level 7. HP: 52/52 MP: 7/7
  2750 | D:4      | Found an ancient bone altar of Kikubaaqudgha.
  2751 | D:4      | Noticed a human
  2753 | D:4      | Killed a human
  2785 | D:4      | Found a staircase to the Ecumenical Temple.
  2800 | Temple   | Entered the Ecumenical Temple
  2818 | D:4      | Found a hazy altar of Hepliaklqana.
  2838 | D:4      | Found a runed translucent gate.
  2839 | D:4      | Found a runed translucent gate.
  2840 | D:4      | Found a runed translucent gate.
  2841 | D:4      | Noticed kal9871's ghost (novice OpSh)
  2842 | D:4      | Noticed Dirol's ghost (amateur MiMo)
  3103 | D:4      | Found Ido Solo's Antique Weapon Boutique.
  3342 | D:4      | Noticed Dowan
  3346 | D:4      | Noticed Duvessa
  3364 | D:4      | Killed Duvessa
  3370 | D:4      | Killed Dowan
  3640 | D:4      | Noticed Menkaure
  3655 | D:4      | Killed Menkaure
  3656 | D:4      | Reached XP level 8. HP: 6/60 MP: 8/8
  4229 | D:3      | Killed Dirol's ghost
  4476 | D:4      | Killed kal9871's ghost
  4477 | D:4      | Reached skill level 5 in Fighting
  4611 | D:5      | Entered Level 5 of the Dungeon
  4999 | D:5      | Identified the maw talisman "Sinesul" {rPois rCorr Stlth+}
  5687 | D:6      | Reached XP level 9. HP: 22/69 MP: 9/9
  5899 | D:6      | Found a white marble altar of Elyvilon.
  5904 | D:6      | Became a worshipper of Elyvilon the Healer
  7073 | D:6      | You fall into a shaft and drop 1 floor!
  7129 | D:7      | Noticed a boulder beetle
  7142 | D:7      | Slain by a boulder beetle

Illustrated notes

Levels and vault maps discovered:
D:1:      scummos_arrival_simple_fountains, layout_loops_ring,
          basic_ecumenical_altar, nicolae_kite_square_tiling_tiny
D:2:      layout_loops_ring
D:3:      layout_basic, chequers_serial_rivers_room_b, uniq_sigmund,
          uniq_grinder
D:4:      minmay_general_purpose_star, layout_loops_ring, tgw_kikubaaqudgha,
          mainiacjoe_overflow_alcove_1, minmay_temple_entry_statues_fountains,
          gammafunk_ghost_cemetery, serial_shops, shop, chequers_big_river,
          uniq_duvessa, uniq_menkaure
D:5:      layout_loops_ring, saegor_snake_ambush
D:6:      layout_basic, general_overflow_altar
D:7:      nzn_winding_woodlands_small [nzn_winding_woodlands_5x15_sidewinder,
          nzn_winding_woodlands_center_pierced_h,
          nzn_winding_woodlands_5x15_twine], layout_basic,
          lemuel_coloured_pillars_altar, enter_ossuary_5
Temple:   nicolae_temple_ecumenical_triangle

Skill      XL: |  1  2  3  4  5  6  7  8  9 |
---------------+----------------------------+-----
Stealth        | 1 2 |  2.0
Fighting       | 2 3 4 5 6 |  6.9
Unarmed Combat | 5 7 8 9 |  9.0
Shapeshifting  | 5 6 7 8 9 |  9.1
Dodging        | 3 |  3.0

Action                     |  1- 3 |  4- 6 |  7- 9 || total
---------------------------+-------+-------+-------++-------
  Melee: Unarmed           |   109 |    50 |   229 ||   388
         Punch             |     5 |       |     3 ||     8
  Throw: Stone             |     2 |       |     2 ||     4
    Use: Scroll            |     6 |     1 |     5 ||    12
         Potion            |       |       |     2 ||     2
 Armour: Animal skin       |     7 |       |       ||     7
         Chain mail        |    57 |    23 |    18 ||    98
         Skin              |       |       |    81 ||    81
  Dodge: Dodged            |    46 |    20 |   114 ||   180
   Form: Flux              |       |       |     1 ||     1

Table legend: (Time is in decaauts)
 A = Elapsed time spent in this place.
 B = Non-inter-level travel time spent in this place.
 C = Inter-level travel time spent in this place.
 D = Time resting spent in this place.
 E = Time spent auto-exploring this place.
 F = Levels seen in this place.
 G = Mean time per level.
                   A        B        C        D        E       F      G
               +--------+--------+--------+--------+--------+-----+--------+
         Total |   7041 |   6876 |    165 |     18 |   5758 |   8 |  880.1 |
       Dungeon |   7030 |   6870 |    160 |     18 |   5758 |   7 | 1004.3 |
        Temple |     11 |      6 |      5 |      0 |      0 |   1 |   11.0 |
               +--------+--------+--------+--------+--------+-----+--------+

Top non-repeatable levels by time:
     D:4: 1664 daAuts
     D:3: 1386 daAuts
     D:6: 1220 daAuts
     D:5: 1187 daAuts
     D:1: 835 daAuts
     D:2: 668 daAuts
     D:7: 66 daAuts
  Temple: 11 daAuts
